 Dungeon Crawl Stone Soup version 0.29-a0-362-g5854e031c7 (webtiles) character file.

Game seed: 8537098465681720910

37 Randoe the Cudgeller (level 3, 0/33 HPs)
             Began as a Minotaur Berserker on Dec 10, 2021.
             Was a Follower of Trog.
             Slain by an orc
             ... wielding a +0 club
              (3 damage)
             ... on level 2 of the Dungeon on Apr 29, 2022.
             The game lasted 00:04:19 (905 turns).

Randoe the Cudgeller (Minotaur Berserker)            Turns: 905, Time: 00:04:20

Health: 0/33       AC:  3    Str: 21    XL:     3   Next: 21%
Magic:  2/2        EV: 12    Int:  6    God:    Trog [*.....]
Gold:   58         SH:  0    Dex:  9    Spells: 2/2 levels left

rFire   . . .      SeeInvis .   a - +0 mace
rCold   . . .      Faith    .   (no shield)
rNeg    . . .      Spirit   .   b - +0 animal skin
rPois   .          Reflect  .   (helmet restricted)
rElec   .          Harm     .   (no cloak)
rCorr   .          Rampage  .   (no gloves)
Will    .....                   d - +0 pair of boots
Stlth   +.........              (no amulet)
HPRegen 0.11/turn               (no ring)
MPRegen 0.08/turn               (no ring)

@: on berserk cooldown, slowed, very slow
A: horns 2, retaliatory headbutt
a: Renounce Religion, Berserk


You were on level 2 of the Dungeon.
You worshipped Trog.
Trog was aware of your devotion.
You visited 1 branch of the dungeon, and saw 2 of its levels.

You collected 58 gold pieces.

Inventory:

Hand Weapons
 a - a +0 mace (weapon)
Armour
 b - a +0 animal skin (worn)
 d - a +0 pair of boots (worn)
 e - a +0 scale mail
Scrolls
 c - a scroll of identify


   Skills:
 + Level 4.2 Fighting
 + Level 4.3 Maces & Flails
 + Level 2.5 Armour
 + Level 2.6 Dodging


You had 2 spell levels left.
You didn't know any spells.
Your spell library was empty.

Dungeon Overview and Level Annotations

Branches:
Dungeon (2/15)

Altars:
Dithmenos


Innate Abilities, Weirdness & Mutations

You have a pair of horns on your head.
You reflexively headbutt those who attack you in melee.


Message History

Trog accepts your kill. The bat hits you but does no damage.
You miss the bat.
The bat is heavily wounded.
The bat hits you but does no damage. x2
Things that are here:
a +0 dagger; 2 boomerangs You feel a strong urge to attack something.
A bat is nearby!
You feel your anger nearly subside.
You are no longer berserk.
You are exhausted.
You feel yourself slow down. The bat hits you.
* * * LOW HITPOINT WARNING * * *
The bat hits you.
* * * LOW HITPOINT WARNING * * *
The orc shouts!
The bat hits you.
* * * LOW HITPOINT WARNING * * *
As you read the scroll labelled GUTOSU TUFIGE, it crumbles to dust.
It is a scroll of identify.
You don't have any unidentified items.
The bat barely misses you. x2
Welcome back, Randoe the Minotaur Berserker.
Trog says: Kill them all!
Press ? for a list of commands and other information.
You barely miss the bat.
The bat is moderately wounded.
The bat hits you but does no damage. The bat closely misses you.
You hit the bat.
You kill the bat!
Trog accepts your kill. The orc hits you with a +0 club.
* * * LOW HITPOINT WARNING * * *
You hit the orc. Your punch misses the orc.
The orc is moderately wounded.
The orc closely misses you.
You closely miss the orc.
The orc is moderately wounded.
The orc hits you with a +0 club.
You die...

####### ##.....#
###......###
#?...._....#
#####.##.....#.#
.......@....(#.###.#
#####.##o###).#....#
.. .....###)###.....
...........##.# #.#
###.#.##.#..##.###
##.#.##.#.......####
........##.†.........
.#...<......#S#####
##########.#.#


You could see an orc.

Vanquished Creatures
  A gnoll (D:1)
  A dart slug (D:1)
  4 orcs (D:2)
  2 ball pythons
  4 goblins (D:1)
  A kobold (D:1)
  A quokka (D:1)
  3 bats
  3 rats (D:1)
20 creatures vanquished.

Notes
Turn   | Place    | Note
-------+----------+-------------------------------------------
     0 | D:1      | Randoe the Minotaur Berserker began the quest for the Orb.
     0 | D:1      | Reached XP level 1. HP: 19/19 MP: 0/0
    80 | D:1      | Reached XP level 2. HP: 10/27 MP: 1/1
   579 | D:1      | Found a faded altar of an unknown god.
   579 | D:1      | Noticed a Brimstone Fiend
   871 | D:2      | Found a shadowy altar of Dithmenos.
   886 | D:2      | Reached XP level 3. HP: 31/33 MP: 2/2
   902 | D:2      | Upgraded the game from 0.28-a0-1087-gf3fc490d9d to
                  | 0.29-a0-362-g5854e031c7
   905 | D:2      | Slain by an orc

Illustrated notes

Levels and vault maps discovered:
D:1:      wander_arrival_fairy_ring, layout_basic,
          dreamdust_ecumenical_altar_sealed_demon
D:2:      layout_loops_ring, serial_shops, shop, basic_altar

Skill      XL: |  1 |
---------------+----+-----
Fighting       | 4 |  4.2
Maces & Flails | 4 |  4.3
Armour         | |  2.5
Dodging        | |  2.6

Action                   || total
-------------------------++-------
Melee: Mace              ||    40
       Headbutt          ||     6
Invok: Berserk           ||     1
  Use: Scroll            ||     1
Armor: Animal skin       ||    12
Dodge: Dodged            ||    35

Table legend: (Time is in decaauts)
 A = Elapsed time spent in this place.
 B = Non-inter-level travel time spent in this place.
 C = Inter-level travel time spent in this place.
 D = Time resting spent in this place.
 E = Time spent auto-exploring this place.
 F = Levels seen in this place.
 G = Mean time per level.
                   A        B        C        D        E       F      G
               +--------+--------+--------+--------+--------+-----+--------+
         Total |    912 |    859 |     53 |    262 |    407 |   2 |  456.0 |
       Dungeon |    912 |    859 |     53 |    262 |    407 |   2 |  456.0 |
               +--------+--------+--------+--------+--------+-----+--------+

Top non-repeatable levels by time:
     D:1: 826 daAuts
     D:2: 85 daAuts
